 Seeded DCSS version 0.30.1-4-g462c640d31 (webtiles) character file.

Game seed: 6351066067085065685 (custom seed)

51 Esekla the Grave Robber (level 3, 0/19 HPs)
             Began as a Deep Elf Necromancer on Aug 13, 2023.
             Was an Initiate of Vehumet.
             Slain by an orc
             ... wielding a +0 dagger
              (3 damage)
             ... on level 4 of the Dungeon.
             The game lasted 00:07:51 (1233 turns).

Esekla the Grave Robber (Deep Elf Necromancer)      Turns: 1233, Time: 00:07:52

Health: 0/19       AC:  4    Str:  5    XL:     3   Next: 57%
Magic:  6/9        EV: 13    Int: 21    God:    Vehumet [......]
Gold:   122        SH:  0    Dex: 18    Spells: 4/8 levels left

rFire   . . .        n - +5 rapier of the Hero {heavy, rN+ Dex+3}
rCold   . . .        (no shield)
rNeg    + . .        a - +0 robe
rPois   .            j - +0 helmet
rElec   .            (no cloak)
rCorr   .            k - +0 pair of gloves
SInv    .            (no boots)
Will    .....        (no amulet)
Stlth   ++           (no ring)
HPRegen 0.23/turn    (no ring)
MPRegen 0.11/turn

%: no passive effects
@: no status effects
A: no striking features
a: Renounce Religion


You were on level 4 of the Dungeon.
You worshipped Vehumet.
Vehumet was noncommittal.
You visited 1 branch of the dungeon, and saw 5 of its levels.

You collected 122 gold pieces.

Inventory:

Hand Weapons
 n - the +5 rapier of the Hero (weapon) {heavy, rN+ Dex+3}
   (You found it on level 3 of the Dungeon)

   Dex:       It affects your dexterity (+3).
   rN:        It protects you from negative energy.
Armour
 a - a +0 robe (worn)
 j - a +0 helmet (worn)
 k - a +0 pair of gloves (worn)
Wands
 p - a wand of flame (15)
Scrolls
 c - a scroll of amnesia {unknown}
 e - 2 scrolls of fear {unknown}
 g - 2 scrolls of identify {unknown}
 m - a scroll of immolation {unknown}
 o - 2 scrolls of enchant weapon {unknown}
 q - a scroll of summoning {unknown}
Potions
 b - a potion of magic
 d - a potion of ambrosia {unknown}
 f - a potion of haste {unknown}
 h - a potion of curing {unknown}
 i - a potion of mutation {unknown}
 l - a potion of attraction {unknown}


   Skills:
 + Level 0.1 Short Blades
 * Level 3.0 Dodging
 + Level 3.0 Stealth
 * Level 3.4 Spellcasting
 * Level 5.6 Necromancy


You had 4 spell levels left.
You knew the following spells:

 Your Spells              Type           Power      Damage    Failure   Level
a - Necrotise             Necr           100%       1d9       1%          1
d - Vampiric Draining     Necr           27%        2d7       3%          3

Your spell library contained the following spells:

 Spells                   Type           Power      Damage    Failure   Level
 Animate Dead             Necr           27%        N/A       12%         4
 Agony                    Necr           27%        N/A       34%         5


Dungeon Overview and Level Annotations

Branches:
Dungeon (5/15)
 Temple: D:4-7

Altars:
Okawaru
Vehumet
Zin
The Shining One

Shops:
D:4 (


Message History

Aim: an orc, wielding a +0 trident You draw life force from the orc!
You kill the orc!
Vehumet accepts your kill.
You feel life coursing into your body.
A gnoll bouda comes into view. It is wielding a +0 club.
The orc closely misses you.
A gnoll comes into view. It is wielding a +0 spear.
Casting: Vampiric Draining (quite dangerous; 3% risk of failure)
Confirm with . or Enter, or press ? or * to list all spells.
The spell is quite dangerous to miscast (3% risk of failure)!
Continue anyway?
Okay, then.
The gnoll shouts!
You hear a shout!
The gnoll throws a throwing net.
The throwing net hits you.
You become entangled in the net!
The orc barely misses you.
You see here a throwing net.
You struggle against the net.
The orc hits you but does no damage.
You struggle against the net.
The gnoll bouda gazes fiercely through you!
You feel your attacks grow feeble. The orc hits you but does no damage.
You hear a shout!
You tear a large gash into the net.
The gnoll hits you from afar with a +0 spear.
The orc barely misses you.
You rip the net and break free!
The orc barely misses you.
The gnoll hits you from afar with a +0 spear.
* * * LOW HITPOINT WARNING * * *
Your attacks no longer feel as feeble.
The gnoll bouda barks out a call to the hunt!
The gnolls pick up the pace!
You hear a shout!
The gnoll closely misses you.
The gnoll hits you from afar with a +0 spear.
* * * LOW HITPOINT WARNING * * *
The orc attacks as you move away! The orc misses you.
The orc attacks as you move away! The orc misses you.
The orc attacks as you move away! The orc completely misses you.
The orc attacks as you move away! The orc hits you with a +0 dagger.
You die...

..#...)......####+#####..#..##...
..#^.......g........'.'#.#.#'..#.
..##..............###..#####...#.
..................###..........#.
................#.##.............
...........g#####.##..........##.
.............g.##.............##.
.......####....##................
.........#.....o@................
.........#>...g...<..............
.................................
.................................
.......)............##...........
....................##.......##'#
.........##.........##.......##..
###......##.......[.#############
###################


You could see a gnoll bouda, 2 gnolls and an orc.

Vanquished Creatures
  2 adders
  A white imp (D:5)
  A worm (D:4)
  A dart slug (D:3)
  2 orcs (D:4)
  2 ball pythons
  2 goblins
  3 hobgoblins
  3 frilled lizards
  4 kobolds
21 creatures vanquished.

Notes
Turn   | Place    | Note
-------+----------+-------------------------------------------
     0 | D:1      | Esekla the Deep Elf Necromancer began the quest for the
                  | Orb.
     0 | D:1      | Reached XP level 1. HP: 10/10 MP: 6/6
   127 | D:1      | Reached skill level 5 in Necromancy
   282 | D:2      | Noticed a black bear
   383 | D:4      | Found a radiant altar of Vehumet.
   394 | D:4      | Found a glowing golden altar of the Shining One.
   412 | D:4      | Found an iron altar of Okawaru.
   474 | D:4      | Found a glowing silver altar of Zin.
   565 | D:4      | Became a worshipper of Vehumet
   636 | D:3      | Identified the +5 rapier of the Hero {heavy, rN+ Dex+3}
   768 | D:3      | Reached XP level 2. HP: 15/15 MP: 8/8
   910 | D:4      | Found Ponaysk's Antique Weapon Boutique.
  1009 | D:5      | Entered Level 5 of the Dungeon
  1071 | D:5      | Reached XP level 3. HP: 5/19 MP: 9/9
  1075 | D:5      | Learned a level 3 spell: Vampiric Draining
  1233 | D:4      | Slain by an orc

Illustrated notes

Levels and vault maps discovered:
D:1:      sevenhm_arrival_forest_fort_small_3, layout_rooms,
          chequers_serial_rivers_room_b, minmay_misc_feat_five
D:2:      layout_loops_ring, dreamdust_ecumenical_altar_angels_and_demons,
          serial_shops, shop
D:3:      layout_basic, grunt_temple_overflow_open, minmay_misc_feat_iff
D:4:      layout_basic, nicolae_overflow_quartered_altars, serial_shops,
          nicolae_diamond_shop
D:5:      layout_loops_ring, lemuel_doored_altar, minmay_misc_feat_rows,
          dreamdust_wishing_well

Skill      XL: |  1  2  3 |
---------------+----------+-----
Necromancy     | 5 |  5.6
Stealth        | 3 |  3.0
Dodging        | 3 |  3.0
Short Blades   | |  0.1
Spellcasting   | |  3.4

Action                     || total
---------------------------++-------
  Melee: Short sword       ||    13
         Unarmed           ||     9
         Rapier            ||    39
   Cast: Vampiric Draining ||     4
   Stab: Sleeping          ||     4
 Armour: Robe              ||    20
  Dodge: Dodged            ||    64
